 Dungeon Crawl Stone Soup version 0.25-a0-1002-gbcf8c60d55 (webtiles) character file.

Game seed: 6246221770022072762, levelgen mode: deterministic

1085 Gumption the Firebug (level 8, 0/57 HPs)
             Began as a Purple Draconian Fire Elementalist on May 11, 2020.
             Was a Follower of Vehumet.
             Shot with an arrow by a centaur (5 damage)
             ... on level 6 of the Dungeon.
             The game lasted 01:41:11 (7718 turns).

Gumption the Firebug (DrFE)                         Turns: 7718, Time: 01:41:11

Health: 0/57       AC:  9    Str: 12    XL:     8   Next: 9%
Magic:  4/14       EV: 14    Int: 17    God:    Vehumet [*.....]
Gold:   319        SH:  0    Dex: 16    Spells: 7/16 levels left

rFire    . . .     SeeInvis .   a - +2 quarterstaff (chaos)
rCold    . . .     Gourm    .   (shield currently unavailable)
rNeg     . . .     Faith    .   (armour unavailable)
rPois    .         Spirit   .   (helmet restricted)
rElec    .         Reflect  .   j - +2 cloak
rCorr    .         Harm     .   (no gloves)
MR       +....                  (no boots)
Stlth    ++........             (no amulet)
HPRegen  0.19/turn              r - +5 ring of dexterity
MPRegen  0.14/turn              (no ring)

@: no status effects
A: breathe power, unfitting armour, cold-blooded, AC +6
a: Breathe Dispelling Energy, Renounce Religion


You were on level 6 of the Dungeon.
You worshipped Vehumet.
Vehumet was aware of your devotion.
You were not hungry.

You visited 2 branches of the dungeon, and saw 7 of its levels.

You collected 319 gold pieces.

Inventory:

Hand Weapons
 a - a +2 quarterstaff of chaos (weapon)
 b - a +0 dagger
 i - a +0 hunting sling
 n - a +0 spear
 u - a +0 rapier
 F - a +3 hand axe
Missiles
 c - 15 poisoned darts
 s - 28 sling bullets
 x - 3 boomerangs (quivered)
 y - 4 atropa-tipped darts
 C - 136 stones
Armour
 j - a +2 cloak (worn)
 l - a +0 buckler
Jewellery
 p - an uncursed ring of flight
 r - a +5 ring of dexterity (left hand)
Wands
 E - a wand of polymorph (8)
Scrolls
 f - a scroll of magic mapping
 m - a scroll of enchant armour
 q - a scroll of remove curse
 v - a scroll of teleportation
 w - 6 scrolls of identify
 z - a scroll of noise {unknown}
Potions
 d - 2 potions of cancellation {unknown}
 g - 2 potions of stabbing
 h - a potion of invisibility
 k - 3 potions of ambrosia
 o - a potion of haste
 t - a potion of curing
 A - a potion of brilliance {unknown}
 B - 2 potions of might {unknown}
 D - a potion of degeneration {unknown}
Comestibles
 e - 2 rations


   Skills:
 + Level 3.7 Dodging
 - Level 1.7 Stealth
 + Level 2.4 Shields
 + Level 4.6 Spellcasting
 * Level 5.2 Conjurations
 * Level 6.0 Fire Magic


You had 7 spell levels left.
You knew the following spells:

 Your Spells              Type           Power        Failure   Level  Hunger
a - Foxfire               Conj/Fire      ###.         1%          1    None
b - Shock                 Conj/Air       ##..         4%          1    None
c - Sticky Flame          Conj/Fire      ###.....     14%         4    ####...
d - Conjure Flame         Conj/Fire      ###.....     4%          3    ###....

Your spell library contained the following spells:

 Spells                   Type           Power        Failure   Level  Hunger
 Inner Flame              Hex/Fire       ##......     13%         3    ###....
 Fireball                 Conj/Fire      ###.......   38%         5    ######.


Dungeon Overview and Level Annotations

Branches:
Dungeon (6/15)             Temple (1/1) D:4

Altars:
Ashenzari
Dithmenos
Elyvilon
Gozag
Kikubaaqudgha
Makhleb
Nemelex Xobeh
Okawaru
Ru
Sif Muna
Trog
Uskayaw
Vehumet
Wu Jian
Yredelemnul
Zin
The Shining One

Shops:
D:4 (*

Annotations:
D:6 Maggie, Pikel


Innate Abilities, Weirdness & Mutations

You can breathe bolts of dispelling energy.
Your rich purple scales are hard. (AC +6)
You cannot fit into any form of body armour.
You are cold-blooded and may be slowed by cold attacks.


Message History

Your Fire Magic skill increases to level 6!
The foxfire hits the centaur.
The centaur is lightly wounded.
The foxfire hits the centaur.
The centaur is moderately wounded.
The centaur misses you.
The centaur unwields a +0 trident.
The centaur wields a +0 shortbow.
The centaur shoots an arrow.
The arrow hits you.
* * * LOW HITPOINT WARNING * * *
Found a throwing net.
You see here an arrow.
The centaur shoots an arrow.
The arrow barely misses you.
The centaur shoots an arrow.
The arrow hits you.
* * * LOW HITPOINT WARNING * * *
The centaur shoots an arrow.
The arrow misses you.
There is a stone staircase leading down here.
You see here an arrow.
You hear the quick rusting of a drain nearby.
The centaur shoots an arrow.
The arrow hits you.
You die...

***,,,,,,* **≈≈,≈≈≈,##
*,,,,,,,,* *****####.
*,,,,**########## #....
*,,,,###........###%...
*,,,,+.+...............
*,,,,#.#...............
#,,,,#.###+###.........
#..,,#..#.†#....#######
#....#@.(.†co........,,
#...(...#.##.##.###..*,
#.........##......**,*,
#...............#.#*,*,
#..###.##Z####..#.#*,,,
#(.**#....#***%...#*,*,
#.,,,...#..,,*....#*,,,
****#*,,#.......,,,...#*,,,
***≈≈≈≈≈≈≈≈..,,,.#.,,,,,,,,,,


You could see a centaur, an orc and a bullfrog zombie.

Vanquished Creatures
  Sigmund (D:5)
  An ice beast (D:6)
  Blork the orc (D:5)
  A bullfrog (D:5)
  3 howler monkeys
  A bullfrog zombie (D:5)
  3 hounds
  An orc priest (D:3)
  Crazy Yiuf (D:5)
  2 iguanas (D:4)
  An orc wizard (D:4)
  A worker ant (D:4)
  Robin (D:4)
  14 adders
  4 gnolls (D:3)
  2 worms
  3 dart slugs
  5 leopard geckos
  9 orcs
  A ball python (D:4)
  4 giant cockroaches
  15 goblins
  12 hobgoblins
  9 jackals
  13 kobolds
  12 bats
  4 frilled lizards
  A giant cockroach zombie (D:6)
  A jackal skeleton (D:5)
  6 rats
133 creatures vanquished.

Vanquished Creatures (collateral kills)
  A frilled lizard (D:1)
1 creature vanquished.

Vanquished Creatures (others)
  A worker ant (D:6)
  388 foxfires
389 creatures vanquished.

Grand Total: 523 creatures vanquished

Notes
Turn   | Place    | Note
-------+----------+-------------------------------------------
     0 | D:1      | Gumption the Draconian Fire Elementalist began the quest
                  | for the Orb.
     0 | D:1      | Reached XP level 1. HP: 14/14 MP: 3/3
   458 | D:1      | Reached XP level 2. HP: 20/20 MP: 1/5
   908 | D:1      | Reached XP level 3. HP: 26/26 MP: 3/6
  1727 | D:2      | Learned a level 3 spell: Conjure Flame
  1909 | D:2      | Reached XP level 4. HP: 33/33 MP: 2/7
  2829 | D:3      | Reached skill level 4 in Fire Magic
  3018 | D:3      | Learned a level 4 spell: Sticky Flame
  3059 | D:3      | Reached XP level 5. HP: 38/38 MP: 0/8
  4002 | D:3      | Found a sacrificial altar of Ru.
  4003 | D:3      | Found a white marble altar of Elyvilon.
  4723 | D:4      | Reached XP level 6. HP: 38/45 MP: 5/10
  4787 | D:4      | Found a staircase to the Ecumenical Temple.
  4813 | Temple   | Entered the Ecumenical Temple
  4968 | Temple   | Became a worshipper of Vehumet
  5337 | D:4      | Reached skill level 1 in Shields
  5396 | D:4      | Reached skill level 5 in Fire Magic
  5407 | D:4      | Noticed Robin
  5583 | D:4      | Killed Robin
  5650 | D:4      | Found Hoideera's Antique Weapon Emporium.
  5826 | D:4      | Found Gicio's Assorted Antiques.
  5992 | D:5      | Entered Level 5 of the Dungeon
  6089 | D:5      | Noticed Sigmund
  6110 | D:4      | Your scales start taking on a rich purple colour.
  6110 | D:4      | Reached XP level 7. HP: 46/50 MP: 9/13
  6365 | D:5      | Reached * piety under Vehumet
  6365 | D:5      | Offered knowledge of Shock by Vehumet.
  6368 | D:5      | Learned a level 1 spell: Shock
  6451 | D:5      | Noticed Blork the orc
  6522 | D:5      | Found an iron altar of Okawaru.
  6522 | D:5      | Found a glowing golden altar of the Shining One.
  6522 | D:5      | Found an opulent altar of Gozag.
  6531 | D:5      | Found a shattered altar of Ashenzari.
  6734 | D:5      | Found a runed translucent door.
  6735 | D:5      | Noticed Crazy Yiuf
  6756 | D:5      | Killed Crazy Yiuf
  6856 | D:5      | Killed Sigmund
  7216 | D:5      | Killed Blork the orc
  7482 | D:6      | Noticed Pikel
  7630 | D:6      | Noticed Maggie
  7644 | D:6      | Reached skill level 5 in Conjurations
  7709 | D:6      | Reached XP level 8. HP: 20/57 MP: 5/14
  7714 | D:6      | Reached skill level 6 in Fire Magic
  7718 | D:6      | Shot with an arrow by a centaur

Illustrated notes

Levels and vault maps discovered:
D:1:      ebering_trefoil_3fold, layout_loops_ring
D:2:      layout_basic
D:3:      layout_loops_ring, minitemple, patterned_corridor
D:4:      layout_cave_pods, minmay_temple_entry_glass, serial_shops,
          nicolae_shop_stone, shop, first_ration, uniq_robin
D:5:      layout_loops_ring, nicolae_overflow_quartered_altars,
          minmay_misc_feat_rugged, uniq_crazy_yiuf_cottage, uniq_blork_the_orc,
          uniq_sigmund
D:6:      layout_basic, grunt_temple_overflow_forces_of_nature,
          gup_sewer_entry_spiral, serial_bayou, serial_bayou_shore_a,
          serial_bayou_shore_b, serial_bayou_lagoon_b, serial_bayou_pond_e,
          nicolae_zen_rock_garden, corexii_leaking_fountain,
          nicolae_ru_great_annihilating_truth, uniq_maggie, uniq_pikel
Temple:   jpeg_temple_clearing

Skill      XL: |  1  2  3  4  5  6  7  8 |
---------------+-------------------------+-----
Dodging        | 2 3 |  3.7
Conjurations   | 2 3 4 5 |  5.2
Fire Magic     | 4 5 6 |  6.0
Spellcasting   | 4 |  4.6
Shields        | 1 2 |  2.4
Stealth        | |  1.7

Action                   |  1- 3 |  4- 6 |  7- 9 || total
-------------------------+-------+-------+-------++-------
Melee: Unarmed           |     3 |       |       ||     3
       Dagger            |     5 |    12 |     7 ||    24
       Quarterstaff      |       |       |    15 ||    15
       Tailslap          |       |       |     3 ||     3
Throw: Stone             |       |     1 |       ||     1
       Boomerang         |       |     2 |     1 ||     3
 Cast: Foxfire           |    69 |   152 |    53 ||   274
       Conjure Flame     |       |       |     1 ||     1
  Use: Scroll            |     2 |     9 |     1 ||    12
       Potion            |       |       |     1 ||     1
 Stab: Sleeping          |       |     1 |       ||     1
  Eat: Chunk             |     4 |     9 |     3 ||    16
       Ration            |       |     2 |       ||     2
Armor: Skin              |    14 |    14 |    27 ||    55
Dodge: Dodged            |    24 |    48 |    74 ||   146

Table legend:
 A = Non-vault XP
 B = Vault XP
 C = Vault XP percentage of total XP
 D = Non-vault monster count
 E = Vault monster count
 F = Vault count percentage of total count
                 A         B        C        D         E       F
            +---------+---------+-------+---------+---------+-------
      Total |    1172 |     378 |  24.4 |     121 |      14 |  10.4
            +---------+---------+-------+---------+---------+-------
        D:1 |      64 |       0 |   0.0 |      32 |       0 |   0.0
        D:2 |      79 |       0 |   0.0 |      25 |       0 |   0.0
        D:3 |     217 |       4 |   1.8 |      31 |       2 |   6.1
        D:4 |     353 |      31 |   8.1 |      15 |       9 |  37.5
        D:5 |     204 |     343 |  62.7 |      10 |       3 |  23.1
        D:6 |     255 |       0 |   0.0 |       8 |       0 |   0.0
            +---------+---------+-------+---------+---------+-------
